 Dungeon Crawl Stone Soup version 0.25.1-2-g60ff931df9 (webtiles) character file.

Game seed: 7862533312002896802

25 soggyman666 the Cudgeler (level 2, 10/28 HPs)
             Began as a Deep Dwarf Berserker on Nov 2, 2020.
             Was a Follower of Trog.
             Quit the game on level 1 of the Dungeon.
             The game lasted 00:02:51 (530 turns).

soggyman666 the Cudgeler (Deep Dwarf Berserker)      Turns: 530, Time: 00:02:51

Health: 10/28      AC:  2    Str: 20    XL:     2   Next: 86%
Magic:  2/2        EV: 12    Int:  7    God:    Trog [*.....]
Gold:   35         SH:  0    Dex: 12    Spells: 1/1 levels left

rFire    . . .     SeeInvis .   a - +0 mace
rCold    . . .     Gourm    .   (no shield)
rNeg     . . .     Faith    .   b - +0 animal skin
rPois    .         Spirit   .   (no helmet)
rElec    .         Reflect  .   (no cloak)
rCorr    .         Harm     .   (no gloves)
MR       .....                  (no boots)
Stlth    +.........             (no amulet)
HPRegen  0.00/turn              (no ring)
MPRegen  0.08/turn              (no ring)

@: non-regenerating
A: damage resistance, heal wounds, sense surroundings 1, no regeneration
a: Heal Wounds, Berserk, Renounce Religion


You were on level 1 of the Dungeon.
You worshipped Trog.
Trog was aware of your devotion.
You were not hungry.

You visited 1 branch of the dungeon, and saw 2 of its levels.

You collected 35 gold pieces.

Inventory:

Hand Weapons
 a - a +0 mace (weapon)
Armour
 b - a +0 animal skin (worn)
Potions
 e - a potion of curing {unknown}
 f - a potion of flight {unknown}
 g - a potion of lignification {unknown}
Comestibles
 c - 4 rations
 d - 3 chunks of flesh


   Skills:
 + Level 3.1 Fighting
 + Level 3.5 Maces & Flails
 + Level 2.2 Armour
 + Level 2.3 Dodging
 + Level 0.1 Stealth


You had one spell level left.
You didn't know any spells.
Your spell library was empty.

Dungeon Overview and Level Annotations

Branches:
Dungeon (2/15)

Altars:

Annotations:
D:2 Natasha


Innate Abilities, Weirdness & Mutations

You are resistant to damage.
You can heal yourself by infusing magical energy.
You passively map a small area around you.
You do not regenerate.


Message History

There is a stone staircase leading down here.
As you read the scroll labeled GYTELU GATA, it crumbles to dust.
You feel strangely unstable.
It was a scroll of teleportation.
Done exploring.
Your surroundings suddenly seem different.
There is an open door here.
There is an open door here.
There is an open door here.
You see here a +0 club.
There is a stone staircase leading down here.
As you read the scroll labeled VOUC KA SYL, it crumbles to dust.
You hear a loud clanging noise!
It was a scroll of noise.
Unknown command.
Unknown command.
Unknown command.
Unknown command.
Quiver which item? (- for none, * to show all) (? for menu, Esc to quit)
Okay, then.
Are you sure you want to abandon this character and quit the game? (Confirm with "yes".)

##........#.#.######
#........)....##.# #
#........)...###.###
#............# #....
#............###..##
#............##.....
##........#######.#.
#..........# #.##
#..@.....>.# #...
#..>.......# #.#.
#..........# #..[
#..........# ##.##
##........## #...)
##......## #....
######## #.... ####.
##


There were no monsters in sight!

Vanquished Creatures
  A dart slug (D:1)
  A leopard gecko (D:1)
  4 giant cockroaches (D:1)
  4 goblins (D:1)
  3 hobgoblins (D:1)
  A ball python (D:1)
  A bat (D:1)
  3 frilled lizards (D:1)
  A kobold (D:1)
  2 rats (D:1)
21 creatures vanquished.

Notes
Turn   | Place    | Note
-------+----------+-------------------------------------------
     0 | D:1      | soggyman666 the Deep Dwarf Berserker began the quest for
                  | the Orb.
     0 | D:1      | Reached XP level 1. HP: 20/20 MP: 1/1
   130 | D:1      | Reached XP level 2. HP: 16/27 MP: 2/2
   488 | D:2      | Noticed Natasha
   530 | D:1      | Quit the game

Illustrated notes

Levels and vault maps discovered:
D:1:      noname_arrival_rooms_in_the_neighbourhood, layout_rooms
D:2:      minmay_alternating_diamond, layout_basic, elyvilon_altar_4,
          uniq_natasha, uniq_terence

Skill      XL: |  1  2 |
---------------+-------+-----
Fighting       | 3 |  3.1
Maces & Flails | |  3.5
Armour         | |  2.2
Dodging        | |  2.3
Stealth        | |  0.1

Action                   || total
-------------------------++-------
Melee: Mace              ||    53
  Use: Scroll            ||     2
Armor: Animal skin       ||    16
Dodge: Dodged            ||    45
